 Dungeon Crawl Stone Soup version 0.29.1-15-g9cfb28693d (webtiles) character file.

Game seed: 9958752579048255030

1036 hawla the Chiller (level 8, -4/61 HPs)
             Began as a Meteoran Ice Elementalist on Mar 3, 2023.
             Was an Initiate of Vehumet.
             Slain by an ogre
             ... wielding a +0 giant club
              (17 damage)
             ... on level 6 of the Dungeon.
             The game lasted 00:12:29 (2001 turns).

hawla the Chiller (Meteoran Ice Elementalist)       Turns: 2001, Time: 00:12:30

Health: -4/61      AC:  2    Str:  9    XL:     8   Next: 77%
Magic:  5/18       EV: 14    Int: 23    God:    Vehumet [......]
Gold:   67         SH:  0    Dex: 18    Spells: 11/19 levels left

rFire   . . .      SeeInvis .   l - +5 quarterstaff "Bitifasu" {freeze, Drain Int+4 Dex+3}
rCold   . . .      Faith    .   (shield currently unavailable)
rNeg    . . .      Spirit   .   a - +0 robe
rPois   .          Reflect  .   (no helmet)
rElec   .          Harm     .   (no cloak)
rCorr   .          Rampage  .   (no gloves)
Will    +....                   (no boots)
Stlth   +.........              (no amulet)
HPRegen 0.20/turn               e - ring of wizardry
MPRegen 0.16/turn               i - ring of wizardry

@: freezing walls, glowing
A: sense surroundings 1, otherworldly, glowing, explore regen
a: Renounce Religion


You were on level 6 of the Dungeon.
You worshipped Vehumet.
Vehumet was noncommittal.
You visited 2 branches of the dungeon, and saw 7 of its levels.

You collected 117 gold pieces.
You spent 50 gold pieces at shops.

Inventory:

Hand Weapons
 l - the +5 quarterstaff "Bitifasu" (weapon) {freeze, Drain Int+4 Dex+3}
   (You found it on level 4 of the Dungeon)

   It freezes those it strikes, dealing additional cold damage.
   It can also slow down cold-blooded creatures.
   Int:       It affects your intelligence (+4).
   Dex:       It affects your dexterity (+3).
   Drain:     It drains your maximum health when unequipped.
Armour
 a - a +0 robe (worn)
Jewellery
 e - a ring of wizardry (left hand)
 i - a ring of wizardry (right hand)
Wands
 g - a wand of iceblast (5) (quivered)
 m - a wand of charming (13)
 n - a wand of flame (25)
Scrolls
 b - a scroll of fog
 d - a scroll of identify
 f - a scroll of teleportation
 h - 2 scrolls of enchant armour
Potions
 c - a potion of might


   Skills:
 + Level 1.8 Fighting
 + Level 1.2 Staves
 + Level 4.6 Dodging
 - Level 1.4 Stealth
 + Level 6.2 Spellcasting
 + Level 5.8 Conjurations
 + Level 6.7 Ice Magic


You had 11 spell levels left.
You knew the following spells:

 Your Spells              Type           Power      Damage    Failure   Level
a - Freeze                Ice            100%       1d11      1%          1
b - Frozen Ramparts       Ice            76%        1d12      1%          3
c - Hailstorm             Conj/Ice       36%        3d9       1%          4

Your spell library contained the following spells:

 Spells                   Type           Power      Damage    Failure   Level
 Ozocubu's Armour         Ice            38%        N/A       1%          3
 Summon Forest            Summ/Tloc      3%         N/A       50%         5
 Eringya's Noxious Bog    Tmut/Pois      3%         N/A       95%         6
 Summon Hydra             Summ           3%         N/A       100%        7


Dungeon Overview and Level Annotations

Branches:
Dungeon (6/15) Zot: 1624   Temple (1/1) D:5 Zot: 564

Altars:
Ashenzari
Cheibriados
Dithmenos
Elyvilon
Gozag
Hepliaklqana
Makhleb
Nemelex Xobeh
Qazlal
Ru
Sif Muna
Trog
Vehumet
Wu Jian
Xom
Yredelemnul
Zin
The Shining One

Shops:
D:5 =   D:6 *


Innate Abilities, Weirdness & Mutations

You passively map a small area around you.
You are easily found by Zot.
You glow in the dark.
You regain HP and MP as you explore.


Message History

Aiming: Freeze (safe; 1% risk of failure)
Press: ? - help, Shift-Dir - straight line, f/p - orc warrior
Aim: an orc warrior, wielding a +0 short sword and wearing a +1 chain mail of poison resistance (severely wounded)
You freeze the orc warrior!
You kill the orc warrior!
Vehumet accepts your kill.
Your Spellcasting skill increases to level 6!
There is a stone staircase leading down here.
You climb downwards.
The ogre shouts!
A scorpion comes into view.
The ogre hits you with a +0 giant club!!
* * * LOW HITPOINT WARNING * * *
There is a stone staircase leading up, spattered with blood here.
Unknown command.
Casting: Freeze (safe; 1% risk of failure)
Confirm with . or Enter, or press ? or * to list all spells.
Casting: Frozen Ramparts (safe; 1% risk of failure)
Press: ? - help, Dir - look around, f - activate A stone staircase leading up, spattered with blood.
The walls around you are covered in ice.
The wall freezes the ogre but does no damage.
The ogre closely misses you.
Casting: Frozen Ramparts (safe; 1% risk of failure)
Confirm with . or Enter, or press ? or * to list all spells.
Aiming: Freeze (safe; 1% risk of failure)
Press: ? - help, Shift-Dir - straight line, f - ogre
Aim: an ogre, wielding a +0 giant club You freeze the ogre.
The ogre is lightly wounded.
Unknown command.
Casting: Freeze (safe; 1% risk of failure)
Confirm with . or Enter, or press ? or * to list all spells.
Aiming: Freeze (safe; 1% risk of failure)
Press: ? - help, Shift-Dir - straight line, f/p - ogre
Aim: an ogre, wielding a +0 giant club (lightly wounded)
You freeze the ogre.
The ogre is moderately wounded.
The wall freezes the ogre!
The ogre hits you with a +0 giant club!
You die...

#### *
##..##
##.##....#
,#......@.#
...##.O.##
, .....##
.......
.##s##. *
,, , ... ##
... * ,.. ,
** , , *


You could see an ogre and a scorpion.

Vanquished Creatures
  A water moccasin (D:5)
  An orc warrior (D:5)
  A sky beast (D:6)
  A centaur (D:6)
  A phantom (D:5)
  Blork the orc (D:4)
  A howler monkey (D:6)
  A hound (D:4)
  2 orc priests
  A jelly (D:5)
  Jessica (D:3)
  3 iguanas
  Ijyb (D:4)
  An orc wizard (D:5)
  6 adders
  4 shadow imps
  4 white imps
  6 ufetubi (D:5)
  A worm (D:2)
  A dart slug (D:2)
  13 orcs
  2 endoplasms
  7 giant cockroaches
  3 hobgoblins
  2 jackals
  2 quokkas
  5 ball pythons
  2 bats
  2 frilled lizards (D:2)
  2 goblins
  2 kobolds
  5 rats
86 creatures vanquished.

Vanquished Creatures (others)
  3 demonic plants (D:5)
3 creatures vanquished.

Grand Total: 89 creatures vanquished

Notes
Turn   | Place    | Note
-------+----------+-------------------------------------------
     0 | D:1      | hawla the Meteoran Ice Elementalist began the quest for the
                  | Orb.
     0 | D:1      | Reached XP level 1. HP: 14/14 MP: 5/5
    38 | D:2      | Reached XP level 2. HP: 20/20 MP: 1/6
    51 | D:2      | Reached skill level 5 in Ice Magic
    51 | D:2      | Reached XP level 3. HP: 3/26 MP: 2/8
   117 | D:1      | Learned a level 3 spell: Frozen Ramparts
   271 | D:2      | Reached XP level 4. HP: 33/33 MP: 5/9
   297 | D:3      | Learned a level 4 spell: Hailstorm
   318 | D:3      | Reached skill level 1 in Conjurations
   352 | D:3      | Noticed Jessica
   360 | D:3      | Killed Jessica
   361 | D:3      | Reached XP level 5. HP: 28/38 MP: 4/10
   546 | D:4      | Reached XP level 6. HP: 45/45 MP: 1/11
   817 | D:4      | Found a hazy altar of Hepliaklqana.
   850 | D:4      | Identified the +5 quarterstaff "Bitifasu" {freeze, Drain
                  | Int+4 Dex+3}
   894 | D:4      | Noticed Blork the orc
   902 | D:4      | Killed Blork the orc
   903 | D:4      | Reached skill level 5 in Conjurations
  1142 | D:4      | Noticed Ijyb
  1147 | D:4      | Killed Ijyb
  1148 | D:4      | Reached XP level 7. HP: 50/50 MP: 2/13
  1495 | D:5      | Entered Level 5 of the Dungeon
  1496 | D:5      | Found a broken altar of Ashenzari.
  1496 | D:5      | Found a burning altar of Makhleb.
  1496 | D:5      | Found a sparkling altar of Nemelex Xobeh.
  1496 | D:5      | Found a glowing silver altar of Zin.
  1578 | D:5      | Found a glowing golden altar of the Shining One.
  1602 | D:5      | Reached skill level 1 in Staves
  1611 | D:5      | Found a staircase to the Ecumenical Temple.
  1628 | Temple   | Entered the Ecumenical Temple
  1640 | Temple   | Became a worshipper of Vehumet
  1796 | D:5      | Found Sodgh's Jewellery Shop.
  1834 | D:5      | Noticed a water moccasin
  1838 | D:5      | Killed a water moccasin
  1839 | D:5      | Reached skill level 1 in Fighting
  1839 | D:5      | Reached skill level 5 in Spellcasting
  1839 | D:5      | Reached XP level 8. HP: 59/59 MP: 4/16
  1948 | D:6      | Found Paubla Mouqo's General Store.
  1963 | D:6      | Bought a scroll of identify for 20 gold pieces
  1963 | D:6      | Bought a scroll of teleportation for 30 gold pieces
  2001 | D:6      | Slain by an ogre

Illustrated notes

Levels and vault maps discovered:
D:1:      minmay_arrival_four_houses, layout_loops_cross,
          grunt_decor_mini_mirrors
D:2:      layout_rooms
D:3:      layout_basic, mainiacjoe_overflow_alcove_4, uniq_jessica, uniq_robin,
          uniq_sigmund
D:4:      layout_layer_cave, mainiacjoe_overflow_tiny_flanked,
          uniq_blork_the_orc, uniq_ijyb
D:5:      layout_gridville, grunt_temple_overflow_open,
          minmay_temple_entry_mist, serial_shops, shop, serial_demonic,
          serial_demonic_d, serial_demonic_b, serial_demonic_d, serial_demonic_g
D:6:      layout_cave_pools, serial_shops, shop, uniq_grinder
Temple:   nicolae_temple_no_exploring_needed

Skill      XL: |  1  2  3  4  5  6  7  8 |
---------------+-------------------------+-----
Ice Magic      | 5 6 |  6.7
Spellcasting   | 3 5 6 |  6.2
Conjurations   | 2 4 5 |  5.8
Dodging        | 3 4 |  4.6
Staves         | 1 |  1.2
Fighting       | 1 |  1.8
Stealth        | |  1.4

Action                   |  1- 3 |  4- 6 |  7- 9 || total
-------------------------+-------+-------+-------++-------
Melee: Unarmed           |     2 |     2 |       ||     4
       Quarterstaff      |       |     5 |    31 ||    36
 Cast: Freeze            |    31 |    15 |    13 ||    59
       Frozen Ramparts   |     4 |    20 |    14 ||    38
       Hailstorm         |       |     8 |    20 ||    28
  Use: Potion            |     1 |     1 |     6 ||     8
       Scroll            |       |       |     5 ||     5
Armor: Robe              |     6 |     1 |    16 ||    23
Dodge: Dodged            |    22 |    10 |    84 ||   116
